SAAA
ATHLETIC CLUB KC RESERVES @ PENNSAUKEN FLYERS
06/10/2032
 
TOP OF THE 1ST
Athletic Club KC Reserves batting - Pitching for Pennsauken Flyers : RHP Seong-rae Park
Pitching: RHP Seong-rae Park
Batting: RHB Arturo Annunziato 0-0: Ball
1-0: Fly out, F7 (Flyball, 78XD)
Batting: RHB Shintaro Yamada 0-0: Called Strike
0-1: Ball
1-1: Swinging Strike
1-2: Ground out U3 (Groundball, 34)
Batting: LHB Ramón Morterero 0-0: Called Strike
0-1: Ground out 3-1 (Groundball, 34S)
Top of the 1st over - 0 runs, 0 hits, 0 errors, 0 left on base; Athletic Club KC 0 - Pennsauken 0
BOTTOM OF THE 1ST
Pennsauken Flyers batting - Pitching for Athletic Club KC Reserves : RHP Kas Groen
Pitching: RHP Kas Groen
Batting: LHB Jorge Ortíz 0-0: Called Strike
0-1: Foul Ball, location: 2F
0-2: Ball
1-2: Ball
2-2: Foul Ball, location: 2F
2-2: Fly out, F8 (Flyball, 89M)
Batting: RHB Patrick Eggen 0-0: Ground out U3 (Groundball, 3)
Batting: LHB Ignacio Martínez 0-0: Called Strike
0-1: Ball
1-1: Foul Ball, location: 2F
1-2: Fly out, F6 (Line Drive, 6)
Bottom of the 1st over - 0 runs, 0 hits, 0 errors, 0 left on base; Athletic Club KC 0 - Pennsauken 0
TOP OF THE 2ND
Athletic Club KC Reserves batting - Pitching for Pennsauken Flyers : RHP Seong-rae Park
Batting: LHB Michael Woodard 0-0: Ball
1-0: Ball
2-0: Ball
3-0: Base on Balls
Batting: RHB Tony Osorio 0-0: Swinging Strike
0-1: Ball
1-1: Grounds into double play, 5-4-3 (Groundball, 56)
Batting: RHB Roger Caffyn 0-0: Ball
1-0: Ball
2-0: Ball
3-0: Called Strike
3-1: Foul Ball, location: 2F
3-2: Base on Balls
Batting: LHB Kwang-chih Feng 0-0: Called Strike
0-1: Foul Ball, location: 2F
0-2: Ball
1-2: Ball
2-2: Ball
3-2: Base on Balls
Roger Caffyn to second
Batting: LHB Manuel Domínguez 0-0: Called Strike
0-1: Ball
1-1: Ball
2-1: 3-RUN HOME RUN (Flyball, 7LD), Distance : 346 ft
Batting: RHB Tasuku Goto 0-0: Fly out, F8 (Flyball, 8LS)
Top of the 2nd over - 3 runs, 1 hit, 0 errors, 0 left on base; Athletic Club KC 3 - Pennsauken 0
BOTTOM OF THE 2ND
Pennsauken Flyers batting - Pitching for Athletic Club KC Reserves : RHP Kas Groen
Batting: RHB Bartolo Rosas 0-0: Ball
1-0: Foul Ball, location: 2F
1-1: Foul Ball, location: 2F
1-2: Foul Ball, location: 2F
1-2: Foul Ball, location: 2F
1-2: Ground out 5-3 (Groundball, 56S)
Batting: RHB Isuru Tanaka 0-0: Ball
1-0: Ball
2-0: Foul Ball, location: 2F
2-1: Swinging Strike
2-2: Fly out, F7 (Flyball, 7LS)
Batting: RHB Tomás Gonzáles 0-0: Fly out, F7 (Line Drive, 78M)
Bottom of the 2nd over - 0 runs, 0 hits, 0 errors, 0 left on base; Athletic Club KC 3 - Pennsauken 0
TOP OF THE 3RD
Athletic Club KC Reserves batting - Pitching for Pennsauken Flyers : RHP Seong-rae Park
Batting: RHB Arturo Annunziato 0-0: Ball
1-0: Foul Ball, location: 2F
1-1: Swinging Strike
1-2: Strikes out swinging
Batting: RHB Shintaro Yamada 0-0: Foul Ball, location: 2F
0-1: Ball
1-1: Foul Ball, location: 2F
1-2: Strikes out looking
Batting: LHB Ramón Morterero 0-0: Ball
1-0: Swinging Strike
1-1: Ball
2-1: Called Strike
2-2: Ground out 4-3 (Groundball, 4)
Top of the 3rd over - 0 runs, 0 hits, 0 errors, 0 left on base; Athletic Club KC 3 - Pennsauken 0
BOTTOM OF THE 3RD
Pennsauken Flyers batting - Pitching for Athletic Club KC Reserves : RHP Kas Groen
Batting: RHB Vincente Flores 0-0: Ball
1-0: Ball
2-0: Foul Ball, location: 2F
2-1: Ball
3-1: Base on Balls
Batting: RHB Kazuyoshi Yoshida 0-0: Called Strike
0-1: Ball
1-1: Ball
2-1: Foul Ball, location: 2F
2-2: Ball
3-2: Foul Ball, location: 2F
3-2: Base on Balls
Vincente Flores to second
Batting: RHB Clarence Therrien 0-0: Ball
1-0: Ball
2-0: Ball
3-0: Foul Ball, location: 2F
3-1: Called Strike
3-2: SINGLE (Flyball, 8RS)
Vincente Flores to third
Kazuyoshi Yoshida to second
Batting: LHB Jorge Ortíz 0-0: Called Strike
0-1: Called Strike
0-2: Ball
1-2: Ground out U3 (Groundball, 3S)
Vincente Flores scores
Kazuyoshi Yoshida to third
Clarence Therrien to second
Batting: RHB Patrick Eggen 0-0: Ball
1-0: Ball
2-0: Ball
3-0: Base on Balls
Batting: LHB Ignacio Martínez 0-0: Ball
1-0: Foul Ball, location: 2F
1-1: Called Strike
1-2: Fielders Choice at 2nd, 4-6 (Groundball, 4D)
Kazuyoshi Yoshida scores
Clarence Therrien to third
Batting: RHB Bartolo Rosas 0-0: Ball
1-0: Ball
2-0: Ball
3-0: Swinging Strike
3-1: Base on Balls
Ignacio Martínez to second
Batting: RHB Isuru Tanaka 0-0: Called Strike
0-1: Ball
1-1: Ball
2-1: GRAND SLAM HOME RUN (Flyball, 7LD), Distance : 346 ft
Batting: RHB Tomás Gonzáles 0-0: Called Strike
0-1: Called Strike
0-2: Fly out, F9 (Flyball, 9D)
Bottom of the 3rd over - 6 runs, 2 hits, 0 errors, 0 left on base; Athletic Club KC 3 - Pennsauken 6
TOP OF THE 4TH
Athletic Club KC Reserves batting - Pitching for Pennsauken Flyers : RHP Seong-rae Park
Batting: LHB Michael Woodard 0-0: Ground out 6-3 (Groundball, 6)
Batting: RHB Tony Osorio 0-0: Ball
1-0: Fly out, F9 (Flyball, 9S)
Batting: RHB Roger Caffyn 0-0: Called Strike
0-1: Called Strike
0-2: Strikes out looking
Top of the 4th over - 0 runs, 0 hits, 0 errors, 0 left on base; Athletic Club KC 3 - Pennsauken 6
BOTTOM OF THE 4TH
Pennsauken Flyers batting - Pitching for Athletic Club KC Reserves : RHP Kas Groen
Batting: RHB Vincente Flores 0-0: Fly out, F8 (Flyball, 8RD)
Batting: RHB Kazuyoshi Yoshida 0-0: Ball
1-0: Ball
2-0: Fly out, F8 (Flyball, 8RM)
Batting: RHB Clarence Therrien 0-0: Foul Ball, location: 2F
0-1: Ball
1-1: Ground out 4-3 (Groundball, 4)
Bottom of the 4th over - 0 runs, 0 hits, 0 errors, 0 left on base; Athletic Club KC 3 - Pennsauken 6
TOP OF THE 5TH
Athletic Club KC Reserves batting - Pitching for Pennsauken Flyers : RHP Seong-rae Park
Batting: LHB Kwang-chih Feng 0-0: Called Strike
0-1: Ball
1-1: Foul Ball, location: 2F
1-2: Fly out, F9 (Line Drive, 9LD)
Batting: LHB Manuel Domínguez 0-0: Ball
1-0: Ball
2-0: Ball
3-0: Base on Balls
Batting: RHB Tasuku Goto 0-0: Ball
Manuel Domínguez steals 2nd base
1-0: Called Strike
1-1: Foul Ball, location: 2F
1-2: Ball
2-2: Ground out 3-1 (Groundball, 2R)
Manuel Domínguez to third
Batting: RHB Arturo Annunziato 0-0: Ball
1-0: Foul Ball, location: 2F
1-1: Ball
2-1: Foul Ball, location: 2F
2-2: Ball
3-2: Fly out, F7 (Flyball, 7S)
Top of the 5th over - 0 runs, 0 hits, 0 errors, 1 left on base; Athletic Club KC 3 - Pennsauken 6
BOTTOM OF THE 5TH
Pennsauken Flyers batting - Pitching for Athletic Club KC Reserves : RHP Kas Groen
Batting: LHB Jorge Ortíz 0-0: Called Strike
0-1: Ball
1-1: Ball
2-1: Ball
3-1: Swinging Strike
3-2: Foul Ball, location: 2F
3-2: Foul Ball, location: 2F
3-2: Base on Balls
Batting: RHB Patrick Eggen 0-0: Bunt - Flyout! F1
Batting: LHB Ignacio Martínez 0-0: Ball
1-0: Ball
2-0: Ball
3-0: Called Strike
3-1: Foul Ball, location: 2F
3-2: Strikes out swinging
Batting: RHB Bartolo Rosas 0-0: Called Strike
0-1: Foul Ball, location: 2F
0-2: Ball
1-2: Ball
Jorge Ortíz steals 2nd base
2-2: Ball
3-2: Foul Ball, location: 2F
3-2: Fly out, F8 (Flyball, 8LD)
Bottom of the 5th over - 0 runs, 0 hits, 0 errors, 1 left on base; Athletic Club KC 3 - Pennsauken 6
TOP OF THE 6TH
Athletic Club KC Reserves batting - Pitching for Pennsauken Flyers : RHP Seong-rae Park
Batting: RHB Shintaro Yamada 0-0: Swinging Strike
0-1: Ball
1-1: Ball
2-1: Ball
3-1: Called Strike
3-2: Foul Ball, location: 2F
3-2: Ground out 6-3 (Groundball, 6)
Batting: LHB Ramón Morterero 0-0: Ball
1-0: Swinging Strike
1-1: Ball
2-1: Foul Ball, location: 2F
2-2: Ground out U3 (Groundball, 34)
Batting: LHB Michael Woodard 0-0: Swinging Strike
0-1: Ball
1-1: Foul Ball, location: 2F
1-2: Foul Ball, location: 2F
1-2: Fly out, F4 (Line Drive, 4M)
Top of the 6th over - 0 runs, 0 hits, 0 errors, 0 left on base; Athletic Club KC 3 - Pennsauken 6
BOTTOM OF THE 6TH
Pennsauken Flyers batting - Pitching for Athletic Club KC Reserves : RHP Kas Groen
Pitching: RHP Marcos López
Batting: RHB Isuru Tanaka 0-0: Ball
1-0: Called Strike
1-1: Ball
2-1: Ball
3-1: Foul Ball, location: 2F
3-2: Foul Ball, location: 2F
3-2: Fly out, F2 (Popup, 3SF)
Batting: RHB Tomás Gonzáles 0-0: Ball
1-0: Called Strike
1-1: Ground out 5-3 (Groundball, 5S)
Batting: RHB Vincente Flores 0-0: Ball
1-0: Ball
2-0: Called Strike
2-1: DOUBLE (Line Drive, 89D)
Batting: RHB Kazuyoshi Yoshida 0-0: Ball
1-0: Ball
2-0: Called Strike
2-1: Ball
3-1: Foul Ball, location: 2F
3-2: Base on Balls
Batting: RHB Clarence Therrien 0-0: Called Strike
0-1: Called Strike
0-2: Ball
1-2: Ball
2-2: Ground out 1-3 (Groundball, P)
Bottom of the 6th over - 0 runs, 1 hit, 0 errors, 2 left on base; Athletic Club KC 3 - Pennsauken 6
TOP OF THE 7TH
Athletic Club KC Reserves batting - Pitching for Pennsauken Flyers : RHP Seong-rae Park
Batting: RHB Tony Osorio 0-0: Ball
1-0: SINGLE (Groundball, 34) (infield hit)
Batting: RHB Roger Caffyn 0-0: Ball
1-0: SINGLE (Groundball, 34D)
Tony Osorio to second
Runner from 2nd tries for 3rd, SAFE, no throw
Batting: LHB Kwang-chih Feng 0-0: Ball
1-0: Called Strike
1-1: Ball
2-1: Ball
3-1: Foul Ball, location: 2F
3-2: Base on Balls
Roger Caffyn to second
Batting: LHB Manuel Domínguez 0-0: Ball
1-0: Ball
2-0: Ball
3-0: Base on Balls
Tony Osorio scores
Roger Caffyn to third
Kwang-chih Feng to second
Batting: RHB Tasuku Goto 0-0: Ball
1-0: Fly out, F7 (Flyball, 78D)
Runner from 3rd tags up, SCORES, no throw
Pitching: RHP Jen-djieh Si
Batting: RHB Arturo Annunziato 0-0: Ball
1-0: Swinging Strike
1-1: Ball
2-1: SINGLE (Line Drive, 89S)
Kwang-chih Feng to third
Manuel Domínguez to second
Batting: RHB Shintaro Yamada 0-0: Foul Ball, location: 2F
0-1: Foul Ball, location: 2F
0-2: Strikes out swinging
Batting: LHB Ramón Morterero 0-0: Ball
1-0: SINGLE (Groundball, 34D)
Kwang-chih Feng scores
Manuel Domínguez to third
Arturo Annunziato to second
Runner from 3rd tries for Home, SAFE, no throw
Batting: LHB Michael Woodard 0-0: Ball
1-0: Called Strike
1-1: Called Strike
1-2: Foul Ball, location: 2F
1-2: Foul Ball, location: 2F
1-2: Ball
2-2: Foul Ball, location: 2F
2-2: Foul Ball, location: 2F
2-2: Strikes out swinging
Top of the 7th over - 4 runs, 4 hits, 0 errors, 2 left on base; Athletic Club KC 7 - Pennsauken 6
BOTTOM OF THE 7TH
Pennsauken Flyers batting - Pitching for Athletic Club KC Reserves : RHP Marcos López
Batting: LHB Jorge Ortíz 0-0: Called Strike
0-1: Ball
1-1: Ball
2-1: Ground out 3-1 (Groundball, 34)
Batting: RHB Patrick Eggen 0-0: Swinging Strike
0-1: Ground out 6-3 (Groundball, 6)
Batting: LHB Ignacio Martínez 0-0: Ball
1-0: Ball
2-0: Ball
3-0: Called Strike
3-1: Base on Balls
Batting: RHB Bartolo Rosas 0-0: Called Strike
0-1: Ball
1-1: Foul Ball, location: 2F
1-2: Fly out, F7 (Line Drive, 78M)
Bottom of the 7th over - 0 runs, 0 hits, 0 errors, 1 left on base; Athletic Club KC 7 - Pennsauken 6
TOP OF THE 8TH
Athletic Club KC Reserves batting - Pitching for Pennsauken Flyers : RHP Jen-djieh Si
Batting: RHB Tony Osorio 0-0: Ground out 5-3 (Groundball, 56)
Batting: RHB Roger Caffyn 0-0: Foul Ball, location: 2F
0-1: Foul Ball, location: 2F
0-2: Foul Ball, location: 2F
0-2: Ball
1-2: SINGLE (Flyball, 78M)
Batting: LHB Kwang-chih Feng 0-0: Called Strike
0-1: Ball
Roger Caffyn is caught stealing 2nd base
1-1: Swinging Strike
1-2: Foul Ball, location: 2F
1-2: SINGLE (Groundball, 4MD)
Batting: LHB Manuel Domínguez 0-0: Ball
1-0: Foul Ball, location: 2F
1-1: DOUBLE (Line Drive, 5D)
Kwang-chih Feng to third
Runner from 3rd tries for Home, SAFE, no throw
Pitching: RHP Martin Ortíz
Batting: RHB Tasuku Goto 0-0: Ball
1-0: SINGLE (Groundball, 6D)
Manuel Domínguez to third
Runner from 3rd tries for Home, throw and OUT!
Top of the 8th over - 1 run, 4 hits, 0 errors, 1 left on base; Athletic Club KC 8 - Pennsauken 6
BOTTOM OF THE 8TH
Pennsauken Flyers batting - Pitching for Athletic Club KC Reserves : RHP Marcos López
Batting: RHB Isuru Tanaka 0-0: Ball
1-0: Ball
2-0: Foul Ball, location: 2F
2-1: Fly out, F6 (Popup, 6MD)
Batting: RHB Tomás Gonzáles 0-0: Foul Ball, location: 2F
0-1: Swinging Strike
0-2: Foul Ball, location: 2F
0-2: Foul Ball, location: 2F
0-2: Foul Ball, location: 2F
0-2: Ground out 4-3 (Groundball, 4S)
Batting: RHB Vincente Flores 0-0: Ball
1-0: Ball
2-0: Ball
3-0: Base on Balls
Batting: RHB Kazuyoshi Yoshida 0-0: Called Strike
0-1: Ball
1-1: Ball
2-1: Swinging Strike
2-2: Strikes out swinging
Bottom of the 8th over - 0 runs, 0 hits, 0 errors, 1 left on base; Athletic Club KC 8 - Pennsauken 6
TOP OF THE 9TH
Athletic Club KC Reserves batting - Pitching for Pennsauken Flyers : RHP Martin Ortíz
Pitching: RHP Mau Delgado
Batting: RHB Arturo Annunziato 0-0: Called Strike
0-1: Ball
1-1: Ball
2-1: Called Strike
2-2: SINGLE (Flyball, 7S)
Batting: RHB Shintaro Yamada 0-0: Ball
1-0: Called Strike
1-1: DOUBLE (Groundball, 3L)
Arturo Annunziato to third
Batting: LHB Ramón Morterero 0-0: Intentional Walk
Batting: LHB Michael Woodard 0-0: Ball
1-0: Foul Ball, location: 2F
1-1: Ball
2-1: Fly out, F8 (Flyball, 8LM)
Runner from 3rd tags up, SCORES, throw made
Batting: RHB Tony Osorio 0-0: Grounds into double play, 5-4-3 (Groundball, 56)
Top of the 9th over - 1 run, 2 hits, 0 errors, 1 left on base; Athletic Club KC 9 - Pennsauken 6
BOTTOM OF THE 9TH
Pennsauken Flyers batting - Pitching for Athletic Club KC Reserves : RHP Marcos López
Batting: RHB Clarence Therrien 0-0: Ball
1-0: Ball
2-0: Ball
3-0: Called Strike
3-1: Foul Ball, location: 2F
3-2: Strikes out swinging
Batting: LHB Jorge Ortíz 0-0: Ball
1-0: SOLO HOME RUN (Flyball, 9D), Distance : 373 ft
Batting: RHB Patrick Eggen 0-0: Ball
1-0: Foul Ball, location: 2F
1-1: Foul Ball, location: 2F
1-2: Ball
2-2: Foul Ball, location: 2F
2-2: Ground out 6-3 (Groundball, 6)
Batting: LHB Ignacio Martínez 0-0: Ball
1-0: Called Strike
1-1: Ground out U3 (Groundball, 3)
Bottom of the 9th over - 1 run, 1 hit, 0 errors, 0 left on base; Athletic Club KC 9 - Pennsauken 7
Wednesday, September 19th, 2018 - OOTP Baseball 18.8 Build 76